[Event "Titled Tuesday Blitz April 12 Late 2022"]
[White "Mirzoev, Azer"]
[Black "Vusatiuk, Vladimir"]
[WhiteFideId "13400304"]
[BlackFideId "14118610"]
[WhiteElo "2718"]
[BlackElo "2510"]
[Result "0-1"]
[Round "03"]
[TimeControl "180+1"]
[Date "2022.04.13"]
[WhiteClock "0:00:06"]
[BlackClock "0:00:12"]

1. c4 e6 2. Nf3 Nf6 3. g3 d5 4. Bg2 dxc4 5. O-O Nbd7 6. Qa4 a6 7. Qxc4 c5 8. Qc2 b6 9. Ne5 Nd5 10. d4 Nxe5 11. dxe5 Bb7 12. Rd1 Qc7 13. Nc3 Nb4 14. Qa4+ b5 15. Nxb5 axb5 16. Qxb5+ Bc6 17. Qc4 Bxg2 18. Kxg2 Be7 19. a3 O-O 20. f4 Rfd8 21. Be3 Nd5 22. Bf2 Nb6 23. Qe4 g6 24. Rac1 Rxd1 25. Rxd1 Rd8 26. Rc1 Qd7 27. Bxc5 Rc8 28. b4 Bxc5 29. Rxc5 Rxc5 30. bxc5 Qd5 31. Qxd5 Nxd5 32. e4 Nc7 33. c6 Kf8 34. Kf3 Ke7 35. h4 Na6 36. Kg4 Nc5 37. h5 Nxe4 38. hxg6 hxg6 39. a4 Kd8 40. a5 Kc7 41. Kf3 Nc5 42. Kg4 Kxc6 43. Kg5 Ne4+ 44. Kh6 Nxg3 45. Kg7 Nh5+ 46. Kxf7 Nxf4 47. Kf6 Kb5 48. Kg5 Nd3 49. Kxg6 Kxa5 50. Kf6 Nc5 51. Ke7 Kb5 52. Kd6 Kc4 53. Kc6 Ne4 54. Kd7 Kd5 55. Ke7 Kxe5 56. Kd7 Nf6+ 57. Ke7 Kf5 58. Kd6 e5 0-1


[Site "https://www.chess.com"]

[Event "Titled Tuesday Blitz April 12 Late 2022"]
[White "Molenda, Marcin"]
[Black "Moussard, Jules"]
[WhiteFideId "1173065"]
[BlackFideId "642908"]
[WhiteElo "2067"]
[BlackElo "2589"]
[Result "1-0"]
[Round "03"]
[TimeControl "180+1"]
[Date "2022.04.12"]
[WhiteClock "0:00:24"]
[BlackClock "0:00:01"]

1. d4 d6 2. Nf3 g6 3. g3 Bg7 4. Bg2 f5 5. b3 Nf6 6. Bb2 O-O 7. O-O a5 8. c4 a4 9. Nbd2 c6 10. Re1 Ne4 11. Nxe4 fxe4 12. Nd2 d5 13. f3 Qa5 14. Qc2 exf3 15. exf3 Bf5 16. Qc3 Qd8 17. Qe3 c5 18. cxd5 Qxd5 19. f4 Qxd4 20. Bxd4 Bxd4 21. Qxd4 cxd4 22. Rxe7 Nd7 23. Bxb7 Ra5 24. Rae1 Nf6 25. b4 Rb5 26. a3 d3 27. R1e5 Rb6 28. Rc5 Rf7 29. Rcc7 Rxe7 30. Rxe7 Kf8 31. Rc7 Re6 32. Bf3 Re1+ 33. Kf2 Ra1 34. Nc4 Ne4+ 35. Bxe4 Bxe4 36. Ke3 Bf5 37. b5 Re1+ 38. Kd4 Re4+ 39. Kc3 Re2 40. b6 Rc2+ 41. Kb4 d2 42. b7 Bc8 43. bxc8=Q# 1-0


[Site "https://www.chess.com"]

[Event "Titled Tuesday Blitz April 12 Late 2022"]
[White "Moroni, Luca Jr"]
[Black "Dubov, Daniil"]
[WhiteFideId "865834"]
[BlackFideId "24126055"]
[WhiteElo "2573"]
[BlackElo "2791"]
[Result "0-1"]
[Round "03"]
[TimeControl "180+1"]
[Date "2022.04.12"]
[WhiteClock "0:00:03"]
[BlackClock "0:00:04"]

1. d4 Nf6 2. c4 c5 3. Nf3 cxd4 4. Nxd4 e5 5. Nb5 d5 6. cxd5 Bc5 7. e3 O-O 8. N5c3 e4 9. Be2 Bf5 10. a3 Nbd7 11. b4 Bd6 12. Bb2 Ne5 13. Nb5 Bg4 14. O-O Re8 15. Nd2 h5 16. Nxd6 Qxd6 17. Bxe5 Qxe5 18. Nc4 Qg5 19. Bxg4 hxg4 20. d6 Rad8 21. Qd4 Re6 22. Rfd1 b5 23. Na5 Rexd6 24. Qxd6 Rxd6 25. Rxd6 g3 26. hxg3 Ng4 27. Rc1 Qh5 28. Rc8+ Kh7 29. Rc5 Qh2+ 30. Kf1 f6 31. Rf5 Qh1+ 32. Ke2 Qxg2 33. Nc6 Kg6 34. Rf4 Nh2 35. Ne5+ Kg5 36. Nf7+ Kg6 37. Ne5+ Kg5 38. Nf7+ Kh5 39. Nh8 Qf1+ 40. Kd2 Nf3+ 41. Kc3 Qc1+ 42. Kb3 Qb1+ 43. Kc3 Qc1+ 44. Kb3 Nd2+ 45. Rxd2 Qxd2 46. Rh4+ Kg5 47. Nf7+ Kg6 48. Nh8+ Kf5 49. Rf4+ Ke5 50. Ng6+ Kd6 51. Nh4 g5 52. Rxf6+ Ke7 53. Rf5 gxh4 0-1


[Site "https://www.chess.com"]

[Event "Titled Tuesday Blitz April 12 Late 2022"]
[White "Mortazavi, Ali"]
[Black "Jaracz, Pawel"]
[WhiteFideId "401323"]
[BlackFideId "1102222"]
[WhiteElo "2484"]
[BlackElo "2686"]
[Result "1-0"]
[Round "03"]
[TimeControl "180+1"]
[Date "2022.04.13"]
[WhiteClock "0:00:19"]
[BlackClock "0:00:21"]

1. Nf3 b5 2. g3 Bb7 3. Bg2 e6 4. O-O Nf6 5. d3 c5 6. e4 d6 7. a4 a6 8. Nc3 b4 9. Nb1 Be7 10. Nbd2 d5 11. exd5 exd5 12. Re1 O-O 13. Nh4 g6 14. d4 c4 15. Nxc4 dxc4 16. Bxb7 Ra7 17. Bg2 Nd5 18. Nf3 c3 19. b3 Nd7 20. Bh6 Re8 21. Qd3 N7f6 22. Ne5 Qd6 23. Re2 Bf8 24. Bxf8 Rxf8 25. Rae1 Kg7 26. h4 Re7 27. Nc4 Rxe2 28. Rxe2 Qd8 29. Ne3 Nxe3 30. Rxe3 Qd6 31. d5 Rd8 32. Qd4 h5 33. a5 Kg8 34. Bf3 Re8 35. Qb6 Rd8 36. Qd4 Nd7 37. Kg2 Rc8 38. Re4 Nc5 39. Qxb4 Nxe4 40. Qxe4 Qc5 41. Qd3 Qxa5 42. d6 Rd8 43. Bc6 Qf5 44. Qxf5 gxf5 45. d7 Kf8 46. Kf3 Ke7 47. Ke3 Kd6 48. Bf3 Rxd7 49. Bxh5 Ke5 50. Be2 Rd2 51. Bd3 f4+ 52. gxf4+ Kd5 53. h5 Rd1 54. h6 Ke6 55. h7 Rh1 56. Kd4 f5 57. Bxa6 Rxh7 58. Kxc3 Rh2 59. f3 Rh4 60. Kd3 Rxf4 61. Ke3 Rh4 62. Bc4+ Ke5 63. Bd3 Rd4 64. c4 f4+ 65. Kd2 Rd6 66. Kc3 Rh6 67. c5 Rh1 68. b4 Rc1+ 69. Kb2 Rd1 70. Kc2 Re1 71. b5 Kd5 72. c6 Kd6 73. Be4 Re3 74. b6 Ra3 75. c7 Kd7 76. Bf5+ 1-0


[Site "https://www.chess.com"]

[Event "Titled Tuesday Blitz April 12 Late 2022"]
[White "Narayanan.S.L"]
[Black "Reprintsev, Alexander"]
[WhiteFideId "5058422"]
[BlackFideId "14100541"]
[WhiteElo "2494"]
[BlackElo "2108"]
[Result "1-0"]
[Round "03"]
[TimeControl "180+1"]
[Date "2022.04.12"]
[WhiteClock "0:01:00"]
[BlackClock "0:00:21"]

1. d4 d5 2. c4 e5 3. Nc3 exd4 4. Qxd4 Nc6 5. Qxd5 Be6 6. Qxd8+ Rxd8 7. Bd2 Bxc4 8. O-O-O Nf6 9. Nf3 Bb4 10. e3 Bxc3 11. Bxc4 Bxd2+ 12. Rxd2 Rxd2 13. Kxd2 Ke7 14. Rc1 Rd8+ 15. Ke2 a6 16. Bxa6 Nb4 17. Rxc7+ Kd6 18. Rxb7 Nxa2 19. Bc4 Nc1+ 20. Ke1 Rc8 21. b3 Ne4 22. Rxf7 g5 23. Rxh7 g4 24. Nd2 Nc5 25. Rh6+ Ke7 26. h3 gxh3 27. Rxh3 Ra8 28. Rh7+ Kf6 29. Kd1 Ra1 30. Kc2 Na2 31. Kb2 Rd1 32. Kxa2 Rxd2+ 33. Ka3 Ne4 34. b4 Nxf2 35. b5 Ne4 36. b6 Nd6 37. Ba6 Rxg2 38. b7 Rg8 39. Kb4 Re8 40. Kc5 Nxb7+ 41. Bxb7 Rxe3 42. Bd5 Rc3+ 43. Kd4 Rc1 44. Rf7+ Kg5 45. Rf2 Re1 46. Be4 Kh6 47. Ke5 Rg1 48. Rh2+ Kg7 49. Rh7+ Kg8 50. Ra7 Rg7 51. Ra8+ Kf7 52. Bf5 Ke7 53. Ra6 Kf7 54. Rb6 Ke7 55. Bg6 Kf8 56. Kf5 Ke7 57. Kg5 Kf8 58. Rb8+ Ke7 59. Kh6 1-0


[Site "https://www.chess.com"]

[Event "Titled Tuesday Blitz April 12 Late 2022"]
[White "Nozdrachev, Leonid"]
[Black "Ashiev, Eduard"]
[WhiteFideId "24113433"]
[BlackFideId "4130090"]
[WhiteElo "2242"]
[BlackElo "2004"]
[Result "1-0"]
[Round "03"]
[TimeControl "180+1"]
[Date "2022.04.13"]
[WhiteClock "0:00:19"]
[BlackClock "0:00:08"]

1. e4 e5 2. Nf3 Nc6 3. c3 Nf6 4. d4 exd4 5. e5 Nd5 6. cxd4 d6 7. Bc4 Nb6 8. Bb5 dxe5 9. Nxe5 Bb4+ 10. Bd2 Bxd2+ 11. Nxd2 O-O 12. Bxc6 bxc6 13. O-O Qxd4 14. Nxc6 Qd6 15. Rc1 Bb7 16. Ne4 Qf4 17. Re1 Rae8 18. Qd4 Bxc6 19. Rxc6 f5 20. Nf6+ gxf6 21. Qd1 Rxe1+ 22. Qxe1 Qe4 23. Qc1 Re8 24. h4 Qe1+ 25. Qxe1 Rxe1+ 26. Kh2 Re7 27. Rxf6 Rf7 28. Rc6 Kg7 29. h5 Rd7 30. Kg3 Nd5 31. h6+ Kf7 32. a3 Rd6 33. Rc5 c6 34. Ra5 Rd7 35. Ra6 Ne7 36. Kf4 Kf6 37. b4 Nd5+ 38. Kg3 f4+ 39. Kf3 Rc7 40. b5 Ke5 41. bxc6 Ne7 42. Ra5+ Kf6 43. Kxf4 Nxc6 44. Ra6 Rc8 45. g4 Kf7 46. g5 Rc7 47. Kg4 Ne7 48. f4 Ng6 49. Rf6+ Ke7 50. f5 Rc4+ 51. Kg3 Ne5 52. Re6+ Kf7 53. Rxe5 Ra4 54. Rc5 Rxa3+ 55. Kg4 a5 56. Rc7+ Kg8 57. g6 hxg6 58. fxg6 1-0


[Site "https://www.chess.com"]

[Event "Titled Tuesday Blitz April 12 Late 2022"]
[White "Papasimakopoulos, Alexandros"]
[Black "Van Foreest, Jorden"]
[WhiteFideId "4244125"]
[BlackFideId "1039784"]
[WhiteElo "2340"]
[BlackElo "2609"]
[Result "0-1"]
[Round "03"]
[TimeControl "180+1"]
[Date "2022.04.12"]
[WhiteClock "0:00:20"]
[BlackClock "0:00:42"]

1. d4 Nc6 2. Nf3 d5 3. c4 e6 4. Nc3 Nf6 5. Bg5 Bb4 6. e3 h6 7. Bxf6 Qxf6 8. Qb3 Qd8 9. cxd5 Qxd5 10. Qxd5 exd5 11. Bb5 Bd7 12. a3 Bxc3+ 13. bxc3 Na5 14. Bxd7+ Kxd7 15. Nd2 c5 16. Ke2 Rac8 17. Rhc1 Rc6 18. Rab1 Rhc8 19. Rb5 b6 20. a4 a6 21. Rb2 cxd4 22. exd4 Re8+ 23. Kd3 Kc7 24. c4 dxc4+ 25. Nxc4 Rd8 26. Rc3 Nxc4 27. Rxc4 Kb7 28. Rxc6 Kxc6 29. Rc2+ Kd6 30. Rb2 Rb8 31. Kc4 b5+ 32. axb5 axb5+ 33. Kb4 Kd5 34. Rd2 f5 35. h4 g5 36. hxg5 hxg5 37. f3 f4 38. Rd1 Rc8 39. Rd2 Rc4+ 40. Kxb5 Rxd4 41. Ra2 Rd1 42. Kb6 Kd4 43. Re2 Rc1 44. Re4+ Kd5 45. Re2 Rc6+ 46. Kb5 Rc1 47. Kb6 Rc3 48. Rd2+ Ke5 49. Re2+ Kf5 50. Ra2 Kg6 51. Kb5 Kh5 52. Kb4 Rc1 53. Kb3 Kh4 54. Ra5 Rg1 55. Ra2 Kg3 56. Ra5 Rxg2 57. Rxg5+ Kxf3 58. Rf5 Rd2 59. Kc3 Rd7 60. Rf7 0-1


[Site "https://www.chess.com"]

[Event "Titled Tuesday Blitz April 12 Late 2022"]
[White "Pein, Jonathan"]
[Black "Domingo Nunez, Alejandro"]
[WhiteFideId "417092"]
[BlackFideId "22245561"]
[WhiteElo "2140"]
[BlackElo "2215"]
[Result "0-1"]
[Round "03"]
[TimeControl "180+1"]
[Date "2022.04.13"]
[WhiteClock "0:01:11"]
[BlackClock "0:00:26"]

1. Nf3 Nf6 2. g3 g6 3. Bg2 Bg7 4. O-O O-O 5. b3 b6 6. Bb2 Bb7 7. c4 c5 8. Nc3 Nc6 9. e3 d5 10. cxd5 Nxd5 11. Qe2 Ndb4 12. d4 cxd4 13. exd4 Nxd4 14. Nxd4 Bxg2 15. Ne6 Bxf1 16. Rxf1 fxe6 17. Qxe6+ Kh8 18. Rd1 Qc8 19. Rd7 Qc6 20. Qxe7 Qf6 21. Qe2 Rae8 22. Qd2 Rd8 23. Nd1 Rxd7 24. Qxd7 Qf7 25. Bxg7+ Qxg7 26. Qd6 Nxa2 27. Qa3 Rd8 28. Ne3 Nc3 29. h4 Ne2+ 30. Kg2 Qb7+ 31. Kf1 Nd4 32. Qb2 Qh1# 0-1


[Site "https://www.chess.com"]

[Event "Titled Tuesday Blitz April 12 Late 2022"]
[White "Petrova, Irina"]
[Black "Garagulya, Konstantin"]
[WhiteFideId "14124122"]
[BlackFideId "4128931"]
[WhiteElo "1993"]
[BlackElo "2329"]
[Result "0-1"]
[Round "03"]
[TimeControl "180+1"]
[Date "2022.04.13"]
[WhiteClock "0:00:12"]
[BlackClock "0:00:17"]

1. e4 c5 2. Nf3 a6 3. g3 b5 4. Bg2 Bb7 5. d3 e6 6. O-O Ne7 7. a4 d5 8. e5 Nd7 9. axb5 axb5 10. Rxa8 Qxa8 11. c3 Ng6 12. Re1 Be7 13. h4 h6 14. h5 Ngf8 15. Bf4 Nh7 16. Nbd2 Ng5 17. d4 b4 18. cxb4 cxd4 19. Nxd4 O-O 20. b5 Rc8 21. Qg4 Qa2 22. Bxg5 hxg5 23. f4 Qxb2 24. N2f3 gxf4 25. h6 g6 26. Nxe6 Rc1 27. h7+ Kh8 28. Neg5 Rxe1+ 29. Nxe1 Bxg5 30. Qxg5 Qxe5 31. Qxe5+ Nxe5 32. gxf4 Nc4 33. Nd3 Nd6 34. b6 Kxh7 35. Nc5 Bc6 36. Kf2 Kg7 37. Ke3 Kf6 38. Bh3 Ke7 39. Kd4 Nb5+ 40. Kd3 Kd6 41. b7 Kc7 42. Bg2 Nd6 43. Kd4 Nxb7 44. Nxb7 Bxb7 45. Bxd5 Bxd5 46. Kxd5 Kd7 47. Ke5 Ke7 48. f5 f6+ 49. Ke4 g5 50. Kf3 Kd6 51. Ke4 Kc5 52. Ke3 Kd5 53. Kf3 Ke5 54. Kg4 Ke4 55. Kh5 Kxf5 0-1


[Site "https://www.chess.com"]

[Event "Titled Tuesday Blitz April 12 Late 2022"]
[White "Petrovic, Aleksa"]
[Black "Kosteniuk, Alexandra"]
[WhiteFideId "967629"]
[BlackFideId "4128125"]
[WhiteElo "2467"]
[BlackElo "2655"]
[Result "0-1"]
[Round "03"]
[TimeControl "180+1"]
[Date "2022.04.13"]
[WhiteClock "0:00:19"]
[BlackClock "0:00:57"]

1. d4 Nf6 2. c4 e6 3. Nf3 c5 4. d5 b5 5. Bg5 h6 6. Bxf6 Qxf6 7. Nc3 b4 8. Nb5 Na6 9. e4 e5 10. a3 Bd6 11. axb4 Nxb4 12. Rxa7 Rxa7 13. Nxa7 Ba6 14. Nb5 Bxb5 15. cxb5 O-O 16. Bc4 Qf4 17. Nd2 f5 18. g3 Qg5 19. exf5 Qxf5 20. O-O Kh8 21. f3 Be7 22. Ne4 d6 23. Qa4 Qd7 24. Kg2 Qb7 25. Nc3 Ra8 26. Qb3 Bg5 27. Ne4 Be7 28. f4 exf4 29. Rxf4 Qd7 30. Rf7 Qe8 31. Qf3 Nc2 32. b6 Ne1+ 33. Kf2 Nxf3 34. Rxf3 Rb8 35. Rb3 Bd8 36. Nxd6 Qf8+ 0-1


[Site "https://www.chess.com"]

[Event "Titled Tuesday Blitz April 12 Late 2022"]
[White "Pichot, Alan"]
[Black "Sarana, Alexey"]
[WhiteFideId "110973"]
[BlackFideId "24133795"]
[WhiteElo "2579"]
[BlackElo "2666"]
[Result "1/2-1/2"]
[Round "03"]
[TimeControl "180+1"]
[Date "2022.04.12"]
[WhiteClock "0:00:11"]
[BlackClock "0:00:07"]

1. e4 c5 2. Nf3 d6 3. d4 cxd4 4. Nxd4 Nf6 5. Nc3 a6 6. a4 e5 7. Nf3 Qc7 8. Bg5 Nbd7 9. Nd2 h6 10. Bh4 Qc6 11. Bc4 g5 12. Bg3 Nc5 13. Qe2 Be6 14. O-O Rc8 15. Rfe1 Be7 16. Bxe6 fxe6 17. Nf1 h5 18. h3 Rg8 19. Bh2 Bd8 20. Kh1 Ba5 21. f3 g4 22. Ne3 Bxc3 23. bxc3 gxf3 24. gxf3 Ncxe4 25. fxe4 Qxe4+ 26. Ng2 Qxe2 27. Rxe2 Rxc3 28. Rd1 Ke7 29. Rd3 Rc4 30. Rb3 Rb8 31. Ne3 Rxa4 32. c4 Ne4 33. Reb2 Ra1+ 34. Kg2 Nc5 35. Rb6 Ra3 36. Kf3 a5 37. Ke2 a4 38. R6b5 Rb3 39. R2xb3 axb3 40. Bxe5 Ne4 41. Bd4 e5 42. Bb2 Nc5 43. Bxe5 Ra8 44. Bd4 Ra2+ 45. Kf3 b6 46. Rxb6 Rh2 47. Kg3 Rd2 48. Bxc5 dxc5 49. Rxb3 Kd6 50. Kf3 Ke5 51. Rb8 Rh2 52. Re8+ Kd4 53. Rd8+ Kc3 54. Rd5 Rxh3+ 55. Kf2 Kb4 56. Rf5 h4 57. Ke2 Rg3 58. Rh5 h3 59. Rh8 Kc3 60. Rh5 Kb4 61. Kd3 Rf3 62. Rh8 Rg3 63. Rb8+ Ka4 64. Rc8 Rg5 65. Rh8 Rg3 66. Ke2 Kb3 67. Kf2 Rg5 68. Rxh3 Kb4 69. Kf3 Rg8 70. Ke4 Rd8 71. Rh7 Rd4+ 72. Kf3 Kc3 73. Rc7 Kb4 74. Rb7+ Kc3 75. Rb5 Rd3 76. Rxc5 Rd8 77. Rd5 Re8 78. c5 Kb4 79. Rf5 Rc8 80. Nd5+ Kb5 81. c6 Rxc6 82. Ke4 Rc4+ 83. Ke5 Rc5 84. Kd6 Rc6+ 85. Ke5 Rc1 86. Rf8 Re1+ 87. Kd6 Rh1 88. Rc8 Ka4 89. Rb8 Ka3 90. Kc5 Rh5 91. Kc4 Rh4+ 92. Kd3 Rh3+ 93. Ne3 Ka4 94. Kc4 Rh4+ 95. Kc5 Rh5+ 96. Nd5 Ka3 97. Rb7 Rh4 98. Ne3 Rh5+ 99. Kc4 Rh4+ 100. Kc3 Ka4 101. Nc4 Rh3+ 102. Kd4 Rh4+ 103. Kc5 Rh5+ 104. Kd4 Rh4+ 105. Kd3 Rh3+ 106. Ne3 Ka5 107. Kd4 Rh4+ 108. Kc5 Rh5+ 109. Nd5 Ka4 110. Rb4+ Ka3 111. Rb6 Rh4 112. Nb4 Rh5+ 113. Kc4 Rh4+ 114. Kc3 Rh3+ 115. Nd3 Ka4 116. Kc4 Rh4+ 117. Kc5 Rh5+ 118. Kd4 Rh4+ 119. Kc3 Rh3 120. Rb4+ Ka5 121. Rb1 Ka4 122. Kc2 Rh2+ 123. Kc3 Rh3 124. Kd4 Rh4+ 125. Kd5 Rh5+ 126. Ne5 Ka3 127. Rb8 Ka4 128. Kc4 Rxe5 129. Ra8+ Ra5 130. Rxa5+ Kxa5 1/2-1/2


[Site "https://www.chess.com"]

[Event "Titled Tuesday Blitz April 12 Late 2022"]
[White "Pinheiro, Iung Alicio de O."]
[Black "Bas Mas, Jose Joaquin"]
[WhiteFideId "2104350"]
[BlackFideId "22219064"]
[WhiteElo "2539"]
[BlackElo "2212"]
[Result "1/2-1/2"]
[Round "03"]
[TimeControl "180+1"]
[Date "2022.04.13"]
[WhiteClock "0:00:14"]
[BlackClock "0:00:06"]

1. c4 e6 2. g3 f5 3. Bg2 Nf6 4. Nf3 Be7 5. O-O O-O 6. d3 c5 7. Nc3 Nc6 8. e4 fxe4 9. dxe4 d6 10. e5 dxe5 11. Ng5 Nd4 12. Re1 Bd6 13. Qd3 h6 14. Nge4 Bb8 15. Nxf6+ Qxf6 16. Ne4 Qe7 17. Nc3 a6 18. Rb1 Ra7 19. Qg6 Qf7 20. Qxf7+ Rxf7 21. Ne4 b6 22. Be3 Rad7 23. Kf1 Bb7 24. Red1 Nc2 25. Ke2 Nd4+ 26. Kf1 Kf8 27. h4 a5 28. b3 Ke8 29. Nc3 Bxg2+ 30. Kxg2 Nf5 31. Ne4 Rxd1 32. Rxd1 Rd7 33. Rxd7 Kxd7 34. h5 Bd6 35. g4 Nd4 36. f3 Be7 37. Kf2 Nc2 38. Nc3 Bh4+ 39. Ke2 Kc6 40. Kd3 Nb4+ 41. Ke2 Bf6 42. Bd2 Be7 43. a3 Nc2 44. Nb5 Nd4+ 45. Nxd4+ exd4 46. Kd3 Kd6 47. Ke4 Bf6 48. f4 Bh4 49. a4 Bg3 50. g5 Bh4 51. gxh6 gxh6 52. f5 exf5+ 53. Kxf5 Bf2 54. Bxh6 Be3 55. Bg7 d3 56. h6 d2 57. h7 d1=Q 58. h8=Q Qf3+ 59. Kg6 Qg4+ 60. Kf7 Qf5+ 61. Bf6 Qd7+ 62. Kg6 Qg4+ 63. Kf7 Qd7+ 64. Kg8 Qe8+ 65. Kh7 Qxh8+ 66. Kxh8 Bd2 67. Kg8 Bb4 68. Bd8 Ke6 69. Bxb6 Ke5 70. Kf7 Kd4 71. Ke6 Kc3 72. Kd5 Kxb3 73. Bxc5 Kxa4 74. Bd4 Kb3 75. c5 Bxc5 76. Bxc5 a4 77. Kc6 a3 78. Bxa3 1/2-1/2


[Site "https://www.chess.com"]

[Event "Titled Tuesday Blitz April 12 Late 2022"]
[White "Pourkashiyan, Atousa"]
[Black "Maranhao,Jose Renato Ruiz"]
[WhiteFideId "12502014"]
[BlackFideId "2135175"]
[WhiteElo "2247"]
[BlackElo "1970"]
[Result "0-1"]
[Round "03"]
[TimeControl "180+1"]
[Date "2022.04.13"]
[WhiteClock "0:00:18"]
[BlackClock "0:00:20"]

1. e4 c6 2. d4 d5 3. Nd2 dxe4 4. Nxe4 Bf5 5. Ng3 Bg6 6. h4 h6 7. Nf3 Nd7 8. h5 Bh7 9. Bd3 Bxd3 10. Qxd3 Ngf6 11. Bd2 e6 12. O-O-O Be7 13. Ne4 Nxe4 14. Qxe4 Nf6 15. Qe2 Qd5 16. Kb1 Qe4 17. Be3 O-O 18. Nd2 Qf5 19. f3 e5 20. g4 Qe6 21. Nb3 Rfe8 22. g5 hxg5 23. Bxg5 exd4 24. Qxe6 fxe6 25. Nxd4 e5 26. Nf5 e4 27. fxe4 Bc5 28. h6 Nxe4 29. Bc1 Nf2 30. Rhg1 Nxd1 31. Rxd1 g6 32. Nh4 Kh7 33. Rd7+ Re7 34. Rd3 Rf8 35. Nf3 Rf5 36. Ng5+ Kxh6 37. Ne6+ Kh7 38. Nxc5 Rxc5 39. b3 Re2 40. c4 Rf5 41. Rd7+ Kg8 42. Rd8+ Kf7 43. Rd7+ Re7 44. Rd1 Rf2 45. Bg5 Ree2 46. Rd7+ Ke6 47. Rxb7 Rxa2 48. Kc1 Ra1# 0-1


[Site "https://www.chess.com"]

[Event "Titled Tuesday Blitz April 12 Late 2022"]
[White "Pranav, V"]
[Black "Karas, Marek"]
[WhiteFideId "25060783"]
[BlackFideId "14928558"]
[WhiteElo "2349"]
[BlackElo "2271"]
[Result "1-0"]
[Round "03"]
[TimeControl "180+1"]
[Date "2022.04.12"]
[WhiteClock "0:00:44"]
[BlackClock "0:00:01"]

1. Nf3 Nf6 2. g3 d5 3. Bg2 c6 4. O-O Bg4 5. d3 e6 6. Nbd2 Be7 7. h3 Bh5 8. e4 dxe4 9. dxe4 O-O 10. Qe2 Bxf3 11. Nxf3 Nbd7 12. Rd1 Qc7 13. Bf4 e5 14. Bd2 Rfd8 15. Nh4 Nc5 16. Nf5 Ne6 17. Be3 Bc5 18. c3 Bxe3 19. Qxe3 b6 20. Bf1 Rxd1 21. Rxd1 Rd8 22. Bd3 Rd7 23. Bc2 g6 24. Nh4 Rxd1+ 25. Bxd1 Qd6 26. Bc2 Kg7 27. Nf3 h6 28. Kg2 Nd7 29. a4 a5 30. Nd2 b5 31. h4 Ndc5 32. axb5 cxb5 33. h5 a4 34. hxg6 fxg6 35. Qe2 Qc6 36. Nf3 Nd7 37. Bb1 a3 38. bxa3 Qxc3 39. Ba2 Ndc5 40. Nh4 Qd4 41. Bd5 Ng5 42. Qxb5 Ngxe4 43. Bxe4 Nxe4 44. Qb7+ Kg8 45. Qb8+ Kg7 46. Qb7+ Kg8 47. Qb3+ Kg7 48. Qc2 h5 49. Nf3 Qd5 50. Qc7+ Kh6 51. Qe7 Nd6 52. Qf6 Kh7 53. Kh2 Nf5 54. Ng5+ Kh6 55. Nf7+ Kh7 56. Qh8# 1-0


[Site "https://www.chess.com"]

[Event "Titled Tuesday Blitz April 12 Late 2022"]
[White "Quesada Perez, Yuniesky"]
[Black "Aldokhin, Ivan"]
[WhiteFideId "3504409"]
[BlackFideId "24115720"]
[WhiteElo "2622"]
[BlackElo "2231"]
[Result "0-1"]
[Round "03"]
[TimeControl "180+1"]
[Date "2022.04.12"]
[WhiteClock "0:00:14"]
[BlackClock "0:00:07"]

1. e4 c5 2. Nf3 e6 3. d4 cxd4 4. Nxd4 Nc6 5. Nc3 Qc7 6. f4 d6 7. Be3 Nf6 8. Qf3 Be7 9. O-O-O a6 10. g4 Nxd4 11. Bxd4 e5 12. fxe5 dxe5 13. Qg3 Bd6 14. Bg1 Bxg4 15. Nd5 Nxd5 16. Qxg4 Nb4 17. Rd2 O-O 18. a3 Nc6 19. Rg2 f6 20. Bc4+ Kh8 21. Be3 Nd4 22. Bd5 Rac8 23. Qd1 f5 24. Rhg1 g6 25. c3 f4 26. Rxg6 fxe3 27. Qh5 e2 28. Qh6 Rf1+ 0-1


[Site "https://www.chess.com"]

[Event "Titled Tuesday Blitz April 12 Late 2022"]
[White "Quintiliano Pinto, Renato R."]
[Black "Esipenko, Andrey"]
[WhiteFideId "2117568"]
[BlackFideId "24175439"]
[WhiteElo "2439"]
[BlackElo "2617"]
[Result "0-1"]
[Round "03"]
[TimeControl "180+1"]
[Date "2022.04.12"]
[WhiteClock "0:00:05"]
[BlackClock "0:00:26"]

1. Nf3 d5 2. d4 Nf6 3. c4 e6 4. g3 Bb4+ 5. Bd2 Be7 6. Bg2 O-O 7. O-O c6 8. Qc2 b6 9. b3 a5 10. Rd1 Nbd7 11. Bc3 b5 12. Nbd2 Ba6 13. e4 dxc4 14. bxc4 bxc4 15. Rab1 h6 16. Ba1 Nb6 17. Ne5 Qc7 18. Ndxc4 Nxc4 19. Nxc4 Rfd8 20. Ne3 Rac8 21. Rdc1 Qa7 22. Bc3 Rxd4 23. Bxd4 Qxd4 24. Rd1 Qa7 25. Bf1 Bxf1 26. Rxf1 Bc5 27. Nc4 a4 28. Kg2 h5 29. Rfd1 h4 30. Rd2 Bd4 31. Nd6 Rc7 32. Qc4 c5 33. Nb5 Qb7 34. Rxd4 cxd4 35. Qxc7 Qxe4+ 36. Kg1 Qxb1+ 0-1


[Site "https://www.chess.com"]

[Event "Titled Tuesday Blitz April 12 Late 2022"]
[White "Rangel, Daniel"]
[Black "Nazaretyan, Tigran"]
[WhiteFideId "2124475"]
[BlackFideId "24162345"]
[WhiteElo "2426"]
[BlackElo "2623"]
[Result "1-0"]
[Round "03"]
[TimeControl "180+1"]
[Date "2022.04.13"]
[WhiteClock "0:00:10"]
[BlackClock "0:00:13"]

1. c4 Nf6 2. g3 c6 3. Bg2 d5 4. cxd5 cxd5 5. Nf3 Nc6 6. d4 Bf5 7. O-O e6 8. Bf4 Bd6 9. Bxd6 Qxd6 10. Nc3 O-O 11. Qa4 h6 12. Rfc1 Rfc8 13. e3 a6 14. Qd1 b5 15. Ne1 Na5 16. Nd3 Bxd3 17. Qxd3 Nc4 18. b3 Na3 19. e4 dxe4 20. Nxe4 Nxe4 21. Bxe4 Rab8 22. h4 Rd8 23. Rd1 Rbc8 24. Rac1 f5 25. Bb7 Rxc1 26. Rxc1 Rd7 27. Rc6 Qb4 28. Bc8 Qxd4 29. Qxd4 Rxd4 30. Bxe6+ Kf8 31. Rxa6 b4 32. Bxf5 Rd2 33. Rb6 Nc2 34. Rb7 Nd4 35. Bg6 Nf3+ 36. Kg2 Ne5 37. h5 Nxg6 38. hxg6 Rxa2 39. Rf7+ Kg8 40. Rb7 Kf8 41. Rxb4 Ra6 42. Rf4+ Ke8 43. Rg4 Rb6 44. b4 Ke7 45. Kf3 Kf6 46. Ke3 Kf5 47. Rf4+ Kxg6 48. Kd3 Kh7 49. Kc4 g5 50. Rd4 h5 51. b5 Rh6 52. Kc5 h4 53. gxh4 gxh4 54. b6 h3 55. b7 Rh5+ 56. Kb6 h2 57. b8=Q h1=Q 58. Rd7+ Kg6 59. Qd6+ Kf5 60. Rf7+ Kg4 61. Qf4+ Kh3 62. Qg3# 1-0


[Site "https://www.chess.com"]

[Event "Titled Tuesday Blitz April 12 Late 2022"]
[White "Rego, Vinicius V. de Almeida"]
[Black "Kavyev, Ruslan"]
[WhiteFideId "2106485"]
[BlackFideId "34110981"]
[WhiteElo "2345"]
[BlackElo "2182"]
[Result "1/2-1/2"]
[Round "03"]
[TimeControl "180+1"]
[Date "2022.04.13"]
[WhiteClock "0:00:21"]
[BlackClock "0:00:06"]

1. Nf3 d5 2. c4 d4 3. g3 Nc6 4. e3 e5 5. d3 Be7 6. exd4 exd4 7. Bg2 Nf6 8. O-O O-O 9. Re1 Nd7 10. a3 a5 11. Nbd2 Nc5 12. Ne4 Ne6 13. h4 h6 14. b3 Kh8 15. Bb2 Ra6 16. Ned2 Nc5 17. Ne4 Ne6 18. Ned2 Rb6 19. Ne5 Nc5 20. Nxc6 bxc6 21. Qc2 Bf5 22. Bf1 Bf6 23. Rab1 Qd7 24. Ba1 Rfb8 25. Rb2 Bg6 26. Reb1 Qf5 27. b4 axb4 28. axb4 Nxd3 29. Bxd3 Qxd3 30. Qxd3 Bxd3 31. Re1 Rxb4 32. Rxb4 Rxb4 33. c5 Rb5 34. Rc1 g5 35. Nf3 Be4 36. Nxd4 Ra5 37. Bc3 Ra3 38. Bb2 Ra2 39. Bc3 gxh4 40. gxh4 Kh7 41. h5 Bd5 42. Nf5 Bg5 43. Re1 Rc2 44. Bd4 Rc4 45. Re8 Rxd4 46. Nxd4 Bf6 47. Nf5 Bf3 48. Ng3 Bd4 49. Rc8 Bxc5 50. Rxc7 Kg8 51. Nf5 Bf8 52. Rc8 Bxh5 53. Nxh6+ Kg7 54. Nf5+ Kg8 55. Ne7+ Kg7 56. Nxc6 Bd6 57. Nd4 Bg6 58. Rd8 Bc5 59. Nf3 Be7 60. Rd7 Bf6 61. Kg2 Bf5 62. Ra7 Be6 63. Kg3 Kg6 64. Ra5 Bd8 65. Rb5 Bc7+ 66. Kg2 Kg7 67. Ng5 Bd7 68. Rc5 Bd6 69. Rc1 Be7 70. Nf3 Be6 71. Kg3 Bf6 72. Re1 Bd5 73. Ne5 Be6 74. f4 Be7 75. Nf3 Bb4 76. Rg1 Bd6 77. Kf2+ Kf6 78. Ke3 Kf5 79. Nd4+ Kf6 80. Nxe6 fxe6 81. Ke4 Bc7 82. Rh1 Bd6 83. Rh6+ Kf7 84. Kf3 Bc7 85. Kg4 Bd6 86. f5 exf5+ 87. Kxf5 Bb4 88. Rh7+ Ke8 89. Ke6 Kd8 90. Rb7 Ba3 91. Ra7 Bb4 92. Rh7 Kc8 93. Kd5 Kb8 94. Kc6 Be1 95. Re7 Bg3 96. Kb6 Ka8 97. Re8+ Bb8 98. Ka6 1/2-1/2


[Site "https://www.chess.com"]